Map: 2000 Atmospheres LE

Players

Nice - Winner!

  • Race: Protoss Protoss
  • League: Master

Has

  • Race: Protoss Protoss

Event: DreamHack SC2 Masters 2021 Summer

VOD

Have the link to the VOD?

Description

Time

  • Played on: May 23, 2021, 9:27 a.m.
  • Length: 19:40

All games in this series

Show
View Real Time Build Order
Export as new Build Order

Nice Protoss - Winner!

Build Orders: 1 Gate Expand, Proxy Void Ray 

Get SALT Encoding   

  12  0:00  Probe  
  13  0:12  Probe  
  14  0:19  Pylon  
  14  0:24  Probe  
  15  0:37  Probe (Chrono Boost)  
  15  0:38  Gateway  
  16  0:48  Probe (Chrono Boost), Assimilator  
  17  0:53  Probe (Chrono Boost)  
  18  1:03  Probe  
  19  1:15  Probe  
  20  1:24  Nexus  
  20  1:35  Cybernetics Core  
  20  1:40  Assimilator  
  20  1:42  Probe  
  21  1:49  Pylon  
  21  1:54  Probe  
  22  2:06  Probe  
  22  2:08  Adept (Chrono Boost)  
  23  2:11  Warp Gate  
  25  2:18  Probe  
  26  2:28  Stalker (Chrono Boost)  
  26  2:30  Shield Battery  
  26  2:33  Probe  
  29  2:43  Probe  
  30  2:45  Stargate  
  30  2:50  Stalker  
  30  2:58  Probe  
  33  2:59  Probe  
  34  3:10  Probe  
  35  3:15  Shield Battery  
  35  3:20  Probe, Void Ray (Chrono Boost), Stalker  
  43  3:40  Forge  
  42  3:42  Shield Battery  
  42  3:48  Shield Battery  
  42  3:51  Pylon  
  42  3:52  Void Ray (Chrono Boost)  
  45  4:10  Pylon  
  45  4:12  Sentry  
  45  4:15  Photon Cannon  
  47  4:20  Pylon  
  47  4:32  Pylon, Void Ray (Chrono Boost)  
  47  4:37  Photon Cannon  
  51  4:48  Shield Battery  
  51  4:54  Stalker  
  41  5:20  Void Ray (Chrono Boost)  
  39  5:32  Zealot  
  41  5:45  Photon Cannon  
  41  5:46  Gateway  
  41  5:48  Shield Battery  
  41  5:50  Void Ray (Chrono Boost)  
  41  6:03  Shield Battery  
  45  6:10  Photon Cannon  
  45  6:20  Photon Cannon  
  45  6:21  Void Ray (Chrono Boost)  
  45  6:23  Pylon  
  47  6:36  Pylon  
  47  6:46  Zealot  
  49  6:48  Cybernetics Core  
  49  6:56  Photon Cannon  
  49  6:59  Void Ray (Chrono Boost)  
  53  7:11  Zealot  
  53  7:15  Pylon  
  55  7:34  Void Ray (Chrono Boost)  
  55  7:36  Stalker  
  42  8:02  Zealot  
  42  8:04  Shield Battery  
  44  8:14  Shield Battery  
  40  8:30  Probe x2  
  40  8:34  Void Ray (Chrono Boost)  
  42  8:35  Zealot  
  48  8:59  Stalker  
  50  9:08  Probe x2, Shield Battery  
  52  9:11  Void Ray (Chrono Boost)  
  56  9:24  Zealot  
  56  9:33  Probe x2  
  58  9:41  Gateway  
  58  9:44  Void Ray (Chrono Boost)  
  58  9:45  Pylon  
  62  9:58  Adept  
  64  10:09  Probe  
  64  10:10  Probe  
  67  10:21  Probe  
  67  10:22  Probe  
  67  10:24  Robotics Facility  
  67  10:25  Assimilator  
  67  10:26  Assimilator  
  68  10:33  Probe  
  68  10:45  Probe  
  68  10:46  Oracle (Chrono Boost)  
  71  11:07  Stalker x2  
  71  11:11  Observer (Chrono Boost)  
  71  11:14  Void Ray  
  71  11:15  Probe  
  77  11:28  Observer (Chrono Boost)  
  78  11:37  Probe, Nexus  
  78  11:38  Probe, Pylon  
  80  11:40  Shield Battery  
  80  11:47  Immortal (Chrono Boost)  
  80  11:51  Probe  
  85  11:55  Probe  
  84  12:03  Probe  
  84  12:05  Void Ray  
  89  12:17  Probe  
  89  12:19  Probe  
  91  12:27  Robotics Bay  
  91  12:29  Probe  
  92  12:31  Probe  
  92  12:35  Sentry x2  
  97  12:41  Gateway  
  97  12:42  Probe  
  97  12:43  Probe, Robotics Facility  
  99  12:52  Shield Battery  
  99  12:54  Shield Battery  
  96  13:00  Protoss Ground Weapons Level 1 (Chrono Boost)  
  96  13:03  Probe x2  
  96  13:04  Probe  
  99  13:09  Oracle  
  102  13:15  Probe x2  
  102  13:16  Probe  
  105  13:20  Assimilator  
  105  13:21  Assimilator  
  103  13:34  Disruptor (Chrono Boost)  
  103  13:35  Probe x2, Disruptor (Chrono Boost)  
  111  13:52  Pylon  
  109  13:59  Colossus (Chrono Boost)  
  115  14:12  Gateway  
  115  14:15  Gateway  
  115  14:16  Gateway  
  121  14:19  Twilight Council  
  121  14:22  Probe  
  116  14:34  Robotics Facility  
  116  14:38  Robotics Facility  
  116  14:43  Colossus (Chrono Boost), Zealot  
  118  14:48  Protoss Ground Weapons Level 2 (Chrono Boost), Extended Thermal Lance (Chrono Boost)  
  124  14:55  Gateway x2  
  121  15:00  Nexus  
  121  15:01  Pylon  
  121  15:02  Charge (Chrono Boost)  
  121  15:03  Dark Shrine  
  121  15:09  Probe x3  
  121  15:13  Zealot  
  126  15:21  Probe x3  
  126  15:26  Colossus (Chrono Boost)  
  141  15:37  Colossus (Chrono Boost)  
  141  15:48  Pylon  
  141  15:51  Shield Battery, Pylon  
  141  15:52  Shield Battery  
  141  15:54  Photon Cannon x2  
  141  15:56  Shield Battery  
  141  16:06  Probe  
  141  16:10  Colossus  
  148  16:14  Photon Cannon  
  148  16:16  Dark Templar x2  
  150  16:23  Dark Templar  
  152  16:29  Probe x4  
  156  16:39  Dark Templar  
  158  16:40  Zealot x3, Dark Templar  
  158  16:44  Archon  
  164  16:47  Pylon  
  164  17:13  Dark Templar x4  
  164  17:14  Zealot x4  
  180  17:18  Assimilator  
  180  17:19  Pylon, Archon, Blink (Chrono Boost), Assimilator  
  180  17:20  Archon, Pylon  
  178  17:38  Probe  
  177  17:49  Dark Templar x2  
  177  17:50  Zealot x6  
  193  17:51  Warp Prism (Chrono Boost)  
  193  17:55  Archon  
  193  17:58  Observer  
  195  18:00  Observer  
  195  18:03  Observer (Chrono Boost)  
  196  18:11  Nexus  
  196  18:13  Pylon  
  194  18:26  Shield Battery  
  194  18:32  Stalker  
  194  18:33  Stalker x4  
  194  18:36  Stalker x3  
  194  19:00  Stalker x3  
  194  19:01  Stalker  
  197  19:03  Observer x2  
Show
View Real Time Build Order
Export as new Build Order

Has Protoss 

Build Orders: Blink Stalkers 

Get SALT Encoding   

  12  0:00  Probe  
  13  0:12  Probe  
  14  0:17  Pylon  
  14  0:24  Probe (Chrono Boost)  
  16  0:36  Gateway  
  16  0:37  Probe (Chrono Boost)  
  16  0:42  Probe (Chrono Boost)  
  16  0:46  Assimilator  
  17  0:51  Probe  
  17  0:53  Assimilator  
  18  1:03  Gateway  
  18  1:06  Probe (Chrono Boost)  
  19  1:18  Probe (Chrono Boost)  
  20  1:23  Probe (Chrono Boost), Cybernetics Core  
  21  1:30  Pylon  
  22  1:32  Probe  
  22  1:45  Probe  
  23  1:57  Probe  
  24  2:01  Warp Gate  
  24  2:02  Stalker  
  24  2:03  Stalker  
  28  2:09  Probe  
  28  2:10  Pylon  
  29  2:20  Pylon  
  29  2:30  Twilight Council  
  29  2:34  Stalker  
  31  2:39  Stalker  
  31  2:42  Probe  
  34  2:53  Pylon  
  34  2:56  Shield Battery  
  35  3:02  Blink (Chrono Boost)  
  33  3:15  Gateway  
  33  3:18  Shield Battery  
  33  3:21  Pylon  
  33  3:37  Gateway  
  33  3:51  Stalker  
  33  3:52  Stalker  
  37  4:10  Stalker  
  37  4:16  Stalker x2  
  43  4:21  Pylon  
  43  4:35  Stalker x2  
  47  4:39  Adept  
  47  4:42  Stalker  
  43  5:07  Stalker x3  
  40  5:18  Stalker  
  40  5:20  Shield Battery  
  42  5:40  Stalker x2  
  42  5:41  Stalker  
  47  5:58  Stalker  
  49  6:09  Stalker x2  
  49  6:11  Adept  
  55  6:16  Pylon  
  55  6:27  Stalker  
  57  6:35  Stalker  
  59  6:45  Stalker x2  
  61  6:52  Shield Battery  
  61  7:08  Stalker  
  61  7:12  Adept  
  65  7:17  Stalker  
  57  7:39  Stalker x2  
  57  7:40  Stalker  
  45  8:00  Stalker  
  47  8:08  Stalker x2  
  49  8:30  Sentry  
  51  8:51  Nexus  
  52  9:02  Probe (Chrono Boost)  
  52  9:06  Stalker  
  54  9:14  Probe (Chrono Boost)  
  55  9:19  Probe (Chrono Boost)  
  56  9:29  Probe (Chrono Boost)  
  57  9:35  Stalker  
  59  9:40  Probe (Chrono Boost)  
  60  9:46  Forge  
  60  9:49  Probe  
  61  9:54  Sentry  
  63  10:09  Probe  
  63  10:10  Protoss Ground Weapons Level 1 (Chrono Boost)  
  63  10:12  Sentry x3  
  63  10:13  Probe  
  69  10:25  Probe, Stalker  
  72  10:28  Probe  
  73  10:36  Pylon  
  72  10:51  Gateway x2  
  72  10:53  Pylon  
  70  11:09  Probe x2  
  72  11:11  Charge (Chrono Boost)  
  72  11:15  Stalker x4  
  80  11:19  Pylon  
  80  11:28  Pylon  
  80  11:32  Gateway  
  80  11:45  Nexus  
  80  11:51  Probe  
  80  11:52  Probe  
  82  11:55  Pylon  
  82  12:01  Pylon  
  82  12:03  Protoss Ground Weapons Level 2 (Chrono Boost)  
  82  12:05  Probe x2  
  84  12:19  Probe x2  
  82  12:33  Stalker x3  
  88  12:40  Nexus  
  88  12:44  Probe x2  
  90  12:57  Gateway  
  92  12:59  Probe x2 (Chrono Boost), Gateway  
  92  13:02  Probe (Chrono Boost)  
  93  13:12  Probe (Chrono Boost)  
  96  13:13  Probe x2 (Chrono Boost)  
  96  13:20  Probe  
  96  13:22  Stalker x3  
  103  13:28  Probe  
  103  13:31  Probe  
  105  13:39  Assimilator  
  105  13:40  Probe x2  
  107  13:44  Probe, Assimilator  
  107  13:47  Stargate  
  108  13:49  Stargate  
  110  13:56  Probe x2 (Chrono Boost)  
  110  13:57  Assimilator  
  110  13:58  Probe (Chrono Boost), Assimilator  
  110  14:01  Pylon  
  112  14:07  Probe (Chrono Boost)  
  111  14:12  Probe (Chrono Boost)  
  111  14:13  Stargate  
  111  14:15  Probe (Chrono Boost)  
  112  14:17  Assimilator  
  113  14:25  Probe (Chrono Boost)  
  113  14:30  Probe (Chrono Boost)  
  111  14:33  Phoenix x2  
  111  14:35  Zealot x5  
  111  14:37  Probe  
  127  14:38  Probe  
  127  14:42  Probe, Phoenix (Chrono Boost)  
  129  14:48  Stalker x2  
  130  14:54  Probe  
  130  14:59  Photon Cannon, Phoenix (Chrono Boost)  
  131  15:03  Phoenix (Chrono Boost)  
  128  15:07  Phoenix (Chrono Boost)  
  137  15:10  Templar Archives  
  137  15:13  Probe (Chrono Boost)  
  139  15:17  Probe (Chrono Boost)  
  139  15:18  Probe (Chrono Boost)  
  140  15:24  Pylon  
  140  15:26  Pylon  
  140  15:30  Pylon  
  140  15:31  Pylon  
  140  15:33  Pylon  
  140  15:44  Probe, Phoenix x2 (Chrono Boost)  
  140  15:48  Phoenix (Chrono Boost)  
  140  15:49  Probe  
  148  15:55  High Templar x2  
  148  15:56  Zealot x4  
  160  16:03  Gateway  
  160  16:04  Gateway, Shield Battery  
  160  16:15  Robotics Facility  
  160  16:18  Probe  
  160  16:19  Probe  
  160  16:22  Pylon  
  162  16:26  Archon, Nexus  
  162  16:29  Zealot  
  164  16:36  Probe (Chrono Boost)  
  165  16:41  Zealot x3  
  165  16:44  Fleet Beacon  
  165  16:45  Probe (Chrono Boost)  
  172  16:51  Forge  
  172  16:54  Probe x2  
  169  16:55  Protoss Air Weapons Level 1 (Chrono Boost)  
  171  17:02  Observer (Chrono Boost)  
  171  17:06  Probe  
  173  17:13  Pylon  
  173  17:15  Pylon  
  168  17:16  Probe x2, Photon Cannon  
  168  17:18  Probe  
  168  17:22  Observer  
  171  17:36  Probe (Chrono Boost)  
  173  17:39  Carrier (Chrono Boost)  
  173  17:41  Carrier (Chrono Boost)  
  172  17:45  Probe (Chrono Boost), Pylon  
  172  17:50  Probe (Chrono Boost)  
  173  17:53  Carrier (Chrono Boost)  
  180  18:02  Probe, Photon Cannon  
  181  18:06  Photon Cannon  
  181  18:13  Pylon  
  181  18:19  Probe  
  182  18:22  Assimilator  
  182  18:23  Assimilator  
  182  18:25  Pylon  
  180  18:31  Probe  
  180  18:34  Carrier (Chrono Boost)  
  163  18:49  Zealot x5  
  154  19:07  Zealot x4  
  143  19:14  Zealot x3  
  143  19:15  Zealot  
Tags
 
Add a new tag
Caveats
  • Supply blocks, unpowered buildings, or Contaminate may cause inaccurate times.
  • Supply counts are checked every 10 seconds.